Vancouver Canucks vs Winnipeg Jets
Created - Thursday, October 19, 2023 at 07:33
Goals
|
| Vancouver Canucks |
1 |
1 |
0 |
2 |
| Winnipeg Jets |
0 |
1 |
0 |
1 |
|
Shots
|
| Vancouver Canucks |
11 |
12 |
15 |
38 |
| Winnipeg Jets |
10 |
5 |
7 |
22 |
|
1st period
1. Vancouver Canucks , Robby Fabbri 9 (Sam Lafferty 5) at 12:26
Penalties :
Jesperi Kotkaniemi (VAN) for Slashing (Minor) at 1:02
2nd period
2. Winnipeg Jets , Lucas Raymond 8 (Alex DeBrincat 22) at 5:17 (SH)
3. Vancouver Canucks , Clayton Keller 19 (Mikko Rantanen 26) at 6:20
Penalties :
Mark Borowiecki (WPG) for Roughing (Minor) at 3:49, Robby Fabbri (VAN) for Hooking (Minor) at 15:23
3rd period
No Goal
Penalties :
Andrew Cogliano (WPG) for Interference (Minor) at 4:57, Mark Borowiecki (WPG) for Hooking (Minor) at 11:34, Mikko Rantanen (VAN) for Kneeing (Minor) at 16:45, Lucas Raymond (WPG) for Tripping (Minor) at 19:33
Goalie Stats
Joonas Korpisalo (VAN), 21 saves from 22 shots - (0.955), W, 17-8-3, 60:00 minutes
Spencer Knight (WPG), 36 saves from 38 shots - (0.947), L, 6-6-1, 60:00 minutes
Players Stats for Vancouver Canucks
Player Name G A P +/- PIM S H SB GA TA FO MP PP MP PK MP
------------------------------------------------------------------------------------
Adam Boqvist 0 0 0 0 0 2 0 1 0 0 0/0 16:45 0:00 0:00
Aleksander Barkov 0 0 0 0 0 1 3 0 0 0 5/9 14:27 0:00 0:00
Anton Lundell 0 0 0 0 0 2 1 1 0 0 0/0 12:25 2:30 1:42
Artturi Lehkonen 0 0 0 1 0 1 4 0 1 0 1/1 15:54 2:30 0:00
Casey Mittelstadt 0 0 0 0 0 1 0 1 0 0 1/3 14:45 2:30 2:34
Clayton Keller 1 0 1 0 0 5 2 0 0 0 0/0 19:05 3:53 0:00
Jacob Bryson 0 0 0 0 0 0 0 0 0 0 0/0 12:11 0:00 0:00
Jake Bean 0 0 0 1 0 1 2 2 0 1 0/0 22:05 4:10 2:39
Jesperi Kotkaniemi 0 0 0 0 2 3 3 0 2 0 8/14 15:57 3:53 0:17
Kasperi Kapanen 0 0 0 1 0 3 0 0 1 1 0/0 12:47 0:00 0:00
Mikko Rantanen 0 1 1 0 2 7 2 0 1 0 1/1 19:59 3:53 0:58
Miro Heiskanen 0 0 0 0 0 1 1 1 0 4 0/0 25:59 4:10 2:39
Noah Cates 0 0 0 0 0 2 1 0 0 0 0/1 13:21 0:00 3:05
Noah Hanifin 0 0 0 1 0 2 1 1 1 0 0/0 23:06 2:13 3:18
Olli Maatta 0 0 0 0 0 2 1 2 0 0 0/0 19:40 2:13 3:18
Robby Fabbri 1 0 1 1 2 2 0 1 0 1 5/15 13:08 0:00 0:10
Sam Lafferty 0 1 1 0 0 1 0 0 2 0 3/6 13:24 0:00 3:08
Taylor Raddysh 0 0 0 0 0 2 1 0 0 0 0/0 9:02 0:00 0:00
Players Stats for Winnipeg Jets
Player Name G A P +/- PIM S H SB GA TA FO MP PP MP PK MP
------------------------------------------------------------------------------------
Alex DeBrincat 0 1 1 1 0 1 2 1 1 0 2/7 20:08 2:51 3:22
Andrew Cogliano 0 0 0 0 2 1 2 0 0 0 1/1 13:03 0:00 0:16
Barclay Goodrow 0 0 0 -1 0 1 0 0 0 0 2/3 15:39 3:06 0:00
Calen Addison 0 0 0 0 0 0 1 3 0 1 0/0 19:44 3:30 0:00
Connor McDavid 0 0 0 -1 0 1 2 0 0 1 11/18 19:57 2:51 3:01
Dante Fabbro 0 0 0 -1 0 2 2 0 0 0 0/0 22:03 2:27 3:57
Dylan Samberg 0 0 0 1 0 1 2 3 0 0 0/0 20:02 0:00 3:18
Joel Armia 0 0 0 0 0 0 0 0 0 0 0/0 8:14 0:00 0:00
Kaapo Kakko 0 0 0 -1 0 3 0 1 2 1 0/1 15:39 3:06 0:00
Kaiden Guhle 0 0 0 -2 0 0 6 0 0 0 0/0 21:46 2:27 3:05
Lucas Raymond 1 0 1 1 2 4 2 0 1 1 1/1 20:53 2:51 3:06
Mark Borowiecki 0 0 0 -1 4 0 3 2 0 1 0/0 16:30 0:00 1:33
Matthew Beniers 0 0 0 0 0 3 2 2 2 0 1/5 12:13 0:00 0:00
Nick Suzuki 0 0 0 -2 0 2 0 1 0 2 5/11 19:25 3:06 3:01
Pius Suter 0 0 0 0 0 0 0 0 0 1 0/0 8:22 0:00 0:00
Sam Steel 0 0 0 0 0 0 0 0 1 0 3/3 8:14 0:00 0:00
Ty Smith 0 0 0 0 0 0 2 1 0 0 0/0 19:28 3:30 0:53
Yegor Sharangovich 0 0 0 0 0 3 0 0 0 0 0/0 12:13 0:00 0:00
3 Stars
1 - Spencer Knight (WPG)
2 - Clayton Keller (VAN)
3 - Joonas Korpisalo (VAN)
Power Play
Vancouver Canucks - 0 on 4 Attempt(s) - 0.00%
Winnipeg Jets - 0 on 3 Attempt(s) - 0.00%
Penalty Kill
Vancouver Canucks - 3 on 3 Attempt(s) - 100.00%
- Score 0 goal in Penalty Kill
Winnipeg Jets - 4 on 4 Attempt(s) - 100.00%
- Score 1 goal in Penalty Kill
Team Stat
Vancouver Canucks - Hits : 22 - Faceoff Wins : 24 - Blocked Shots : 10 - Penalty Minutes : 6
Winnipeg Jets - Hits : 26 - Faceoff Wins : 26 - Blocked Shots : 14 - Penalty Minutes : 8
Official
Referees : Dean Morton and Francois StLaurent
Linesman : Pierre Racicot and Shane Heyer
Game Notes
No Game Note
Finance
Level 1 -- Attendance: 6000 (100.00%) -- Ticket Income $552,000
Level 2 -- Attendance: 4236 (84.72%) -- Ticket Income $232,980
Level 3 -- Attendance: 2893 (96.43%) -- Ticket Income $86,790
Level 4 -- Attendance: 4938 (98.76%) -- Ticket Income $108,636
Luxury Box -- Attendance: 1000 (100.00%) -- Ticket Income $190,000
Game was played at the MTS Centre.
Total Attendance: 19067 (95.34%)
Total Ticket Income: $1,170,406
Other Income: $409,642
Total Income: $1,580,048
Vancouver Canucks
5 vs 5 Forward
Center Left Wing Right Wing Time % Phy DF OF
1 Aleksander Barkov Clayton Keller Mikko Rantanen 40 1 2 2
2 Robby Fabbri Artturi Lehkonen Kasperi Kapanen 30 1 2 2
3 Jesperi Kotkaniemi Casey Mittelstadt Taylor Raddysh 20 1 2 2
4 Noah Cates Anton Lundell Sam Lafferty 10 1 2 2
5 vs 5 Defense
Defense Defense Time % Phy DF OF
1 Adam Boqvist Miro Heiskanen 40 1 2 2
2 Jake Bean Noah Hanifin 30 1 2 2
3 Jacob Bryson Olli Maatta 20 1 2 2
4 Noah Hanifin Miro Heiskanen 10 1 2 2
PowerPlay Forward
Center Left Wing Right Wing Time % Phy DF OF
1 Jesperi Kotkaniemi Clayton Keller Mikko Rantanen 60 0 1 4
2 Casey Mittelstadt Anton Lundell Artturi Lehkonen 40 0 1 4
PowerPlay Defense
Defense Defense Time % Phy DF OF
1 Miro Heiskanen Jake Bean 60 0 1 4
2 Noah Hanifin Olli Maatta 40 0 1 4
Penalty Kill 4 Players Forward
Center Wing Time % Phy DF OF
1 Sam Lafferty Noah Cates 60 1 3 1
2 Casey Mittelstadt Anton Lundell 40 1 3 1
Penalty Kill 4 Players Defense
Defense Defense Time % Phy DF OF
1 Noah Hanifin Olli Maatta 60 1 3 1
2 Miro Heiskanen Jake Bean 40 1 3 1
Penalty Kill - 3 Players Forward
Forward Time % Phy DF OF
1 Noah Cates 60 1 3 1
2 Sam Lafferty 40 1 3 1
Penalty Kill - 3 Players Defense
Defense Defense Time % Phy DF OF
1 Noah Hanifin Olli Maatta 60 1 3 1
2 Miro Heiskanen Jake Bean 40 1 3 1
4 vs 4 Forward
Center Wing Time % Phy DF OF
1 Clayton Keller Mikko Rantanen 60 1 2 2
2 Anton Lundell Artturi Lehkonen 40 1 2 2
4 vs 4 Defense
Defense Defense Time % Phy DF OF
1 Miro Heiskanen Noah Hanifin 60 1 2 2
2 Olli Maatta Jake Bean 40 1 2 2
Last Minutes Offensive
Center Left Wing Right Wing Defense Defense
Anton Lundell Clayton Keller Mikko Rantanen Miro Heiskanen Noah Hanifin
Last Minutes Defensive
Center Left Wing Right Wing Defense Defense
Sam Lafferty Noah Cates Artturi Lehkonen Noah Hanifin Olli Maatta
Goaltenders
Starting : Joonas Korpisalo
Backup : Ville Husso
Extra Forwards
Normal : Mikko Rantanen, Anton Lundell, Artturi Lehkonen - PP : Clayton Keller, Kasperi Kapanen - PK : Mikko Rantanen
Extra Defensemen
Normal : Miro Heiskanen, Noah Hanifin, Olli Maatta - PP : Jake Bean - PK : Noah Hanifin, Adam Boqvist
Penalty Shots
Miro Heiskanen, Anton Lundell, Jesperi Kotkaniemi, Artturi Lehkonen, Mikko Rantanen
Winnipeg Jets
5 vs 5 Forward
Center Left Wing Right Wing Time % Phy DF OF
1 Connor McDavid Alex DeBrincat Lucas Raymond 30 1 2 2
2 Nick Suzuki Barclay Goodrow Kaapo Kakko 30 1 2 2
3 Matthew Beniers Andrew Cogliano Yegor Sharangovich 25 1 2 2
4 Sam Steel Pius Suter Joel Armia 15 1 2 2
5 vs 5 Defense
Defense Defense Time % Phy DF OF
1 Dante Fabbro Kaiden Guhle 35 1 2 2
2 Calen Addison Dylan Samberg 35 1 2 2
3 Ty Smith Mark Borowiecki 30 1 2 2
4 Dante Fabbro Kaiden Guhle 0 1 2 2
PowerPlay Forward
Center Left Wing Right Wing Time % Phy DF OF
1 Connor McDavid Alex DeBrincat Lucas Raymond 50 1 2 2
2 Nick Suzuki Barclay Goodrow Kaapo Kakko 50 1 2 2
PowerPlay Defense
Defense Defense Time % Phy DF OF
1 Dante Fabbro Kaiden Guhle 50 1 2 2
2 Calen Addison Ty Smith 50 1 2 2
Penalty Kill 4 Players Forward
Center Wing Time % Phy DF OF
1 Connor McDavid Nick Suzuki 50 1 2 2
2 Alex DeBrincat Lucas Raymond 50 1 2 2
Penalty Kill 4 Players Defense
Defense Defense Time % Phy DF OF
1 Kaiden Guhle Dante Fabbro 50 1 2 2
2 Dylan Samberg Mark Borowiecki 50 1 2 2
Penalty Kill - 3 Players Forward
Forward Time % Phy DF OF
1 Connor McDavid 50 1 2 2
2 Nick Suzuki 50 1 2 2
Penalty Kill - 3 Players Defense
Defense Defense Time % Phy DF OF
1 Kaiden Guhle Dante Fabbro 50 1 2 2
2 Dylan Samberg Mark Borowiecki 50 1 2 2
4 vs 4 Forward
Center Wing Time % Phy DF OF
1 Connor McDavid Nick Suzuki 50 1 2 2
2 Alex DeBrincat Lucas Raymond 50 1 2 2
4 vs 4 Defense
Defense Defense Time % Phy DF OF
1 Dante Fabbro Kaiden Guhle 50 1 2 2
2 Calen Addison Dylan Samberg 50 1 2 2
Last Minutes Offensive
Center Left Wing Right Wing Defense Defense
Connor McDavid Alex DeBrincat Lucas Raymond Dante Fabbro Kaiden Guhle
Last Minutes Defensive
Center Left Wing Right Wing Defense Defense
Connor McDavid Alex DeBrincat Lucas Raymond Dante Fabbro Kaiden Guhle
Goaltenders
Starting : Spencer Knight
Backup : Pavel Francouz
Extra Forwards
Normal : Sam Steel, Matthew Beniers, Andrew Cogliano - PP : Sam Steel, Matthew Beniers - PK : Andrew Cogliano
Extra Defensemen
Normal : Kaiden Guhle, Ty Smith, Dante Fabbro - PP : Kaiden Guhle - PK : Dylan Samberg, Dante Fabbro
Penalty Shots
Connor McDavid, Nick Suzuki, Alex DeBrincat, Lucas Raymond, Matthew Beniers
% Time on Ice - Vancouver Canucks
Lines # - Real PCT - Wanted PCT - Time Play
Normal Forward
1 - 37% - 40% - 17:13
2 - 28% - 30% - 13:05
3 - 19% - 20% - 9:02
4 - 16% - 10% - 7:37
Normal Defense
1 - 39% - 40% - 18:32
2 - 31% - 30% - 14:21
3 - 26% - 20% - 12:11
4 - 4% - 10% - 1:53
PP Forward
1 - 61% - 60% - 3:53
2 - 39% - 40% - 2:30
PP Defense
1 - 65% - 60% - 4:10
2 - 35% - 40% - 2:13
PK Forward
1 - 77% - 60% - 4:34
2 - 23% - 40% - 1:23
PK Defense
1 - 55% - 60% - 3:18
2 - 45% - 40% - 2:39
PK3 Forward
1 - 0% - 60%
2 - 0% - 40%
PK3 Defense
1 - 0% - 60%
2 - 0% - 40%
44 Forward
1 - 0% - 60%
2 - 0% - 40%
44 Defense
1 - 0% - 60%
2 - 0% - 40%
Last Minute Offensive - 0:00
Last Minute Defensive - 0:43
Total
Forward - 60:00
Defense - 60:00
|
% Time on Ice - Winnipeg Jets
Lines # - Real PCT - Wanted PCT - Time Play
Normal Forward
1 - 28% - 30% - 13:22
2 - 28% - 30% - 13:08
3 - 26% - 25% - 12:13
4 - 18% - 15% - 8:14
Normal Defense
1 - 33% - 35% - 15:42
2 - 36% - 35% - 16:52
3 - 28% - 30% - 12:59
4 - 3% - 0% - 1:24
PP Forward
1 - 48% - 50% - 2:51
2 - 52% - 50% - 3:06
PP Defense
1 - 41% - 50% - 2:27
2 - 59% - 50% - 3:30
PK Forward
1 - 47% - 50% - 3:01
2 - 53% - 50% - 3:22
PK Defense
1 - 48% - 50% - 3:05
2 - 52% - 50% - 3:18
PK3 Forward
1 - 0% - 50%
2 - 0% - 50%
PK3 Defense
1 - 0% - 50%
2 - 0% - 50%
44 Forward
1 - 0% - 50%
2 - 0% - 50%
44 Defense
1 - 0% - 50%
2 - 0% - 50%
Last Minute Offensive - 0:43
Last Minute Defensive - 0:00
Total
Forward - 60:00
Defense - 60:00
|
Play-by-Play
1st period
0:01 of 1st period - Aleksander Barkov wins face-off versus Connor McDavid in neutral zone.
0:16 of 1st period - Dante Fabbro is hit by Aleksander Barkov and loses puck.
1:02 of 1st period - Minor Penalty to Jesperi Kotkaniemi for Slashing.
1:03 of 1st period - Sam Lafferty wins face-off versus Connor McDavid in Vancouver Canucks zone.
1:20 of 1st period - Slapshot by Connor McDavid.
1:20 of 1st period - Stopped by Joonas Korpisalo with a rebound.
2:15 of 1st period - Jake Bean is hit by Calen Addison and loses puck.
2:30 of 1st period - Snap shot by Nick Suzuki.
2:30 of 1st period - Shot Blocked by Miro Heiskanen.
2:32 of 1st period - Wrist shot by Barclay Goodrow.
2:32 of 1st period - Shot Misses the Net.
2:34 of 1st period - Snap shot by Barclay Goodrow.
2:34 of 1st period - Stopped by Joonas Korpisalo with a rebound.
3:02 of 1st period - Penalty to Jesperi Kotkaniemi is over, Jesperi Kotkaniemi is back on ice.
3:16 of 1st period - Slapshot by Noah Hanifin.
3:16 of 1st period - Shot Blocked by Nick Suzuki.
4:24 of 1st period - Ty Smith is hit by Jesperi Kotkaniemi and loses puck.
4:29 of 1st period - Slapshot by Jesperi Kotkaniemi.
4:29 of 1st period - Shot Misses the Net.
4:31 of 1st period - Slapshot by Noah Hanifin.
4:31 of 1st period - Shot Blocked by Calen Addison.
4:33 of 1st period - Snap shot by Sam Lafferty.
4:33 of 1st period - Shot Misses the Net.
4:43 of 1st period - Wrist shot by Sam Lafferty.
4:43 of 1st period - Shot Misses the Net.
4:45 of 1st period - Snap shot by Noah Cates.
4:45 of 1st period - Stopped by Spencer Knight with a rebound.
4:47 of 1st period - Snap shot by Noah Cates.
4:47 of 1st period - Shot Misses the Net.
4:49 of 1st period - Slapshot by Olli Maatta.
4:49 of 1st period - Stopped by Spencer Knight with a rebound.
4:53 of 1st period - Snap shot by Sam Lafferty.
4:53 of 1st period - Shot Misses the Net.
4:57 of 1st period - Wrist shot by Sam Lafferty.
4:57 of 1st period - Stopped by Spencer Knight without a rebound.
4:58 of 1st period - Connor McDavid wins face-off versus Robby Fabbri in Winnipeg Jets zone.
4:58 of 1st period - Connor McDavid is hit by Artturi Lehkonen.
5:06 of 1st period - Slapshot by Alex DeBrincat.
5:06 of 1st period - Shot Misses the Net.
5:44 of 1st period - Kaiden Guhle is hit by Artturi Lehkonen and loses puck.
5:53 of 1st period - Slapshot by Andrew Cogliano.
5:53 of 1st period - Shot Misses the Net.
6:13 of 1st period - Wrist shot by Yegor Sharangovich.
6:13 of 1st period - Stopped by Joonas Korpisalo with a rebound.
6:15 of 1st period - Wrist shot by Andrew Cogliano.
6:15 of 1st period - Stopped by Joonas Korpisalo with a rebound.
6:31 of 1st period - Snap shot by Yegor Sharangovich.
6:31 of 1st period - Stopped by Joonas Korpisalo with a rebound.
6:50 of 1st period - Mark Borowiecki is hit by Clayton Keller and loses puck.
6:59 of 1st period - Backhand shot by Mikko Rantanen.
6:59 of 1st period - Shot Misses the Net.
7:05 of 1st period - Andrew Cogliano is hit by Mikko Rantanen and loses puck.
7:19 of 1st period - Aleksander Barkov is hit by Kaiden Guhle and loses puck.
7:28 of 1st period - Wrist shot by Matthew Beniers.
7:28 of 1st period - Stopped by Joonas Korpisalo with a rebound.
7:39 of 1st period - Adam Boqvist is hit by Kaiden Guhle and loses puck.
8:13 of 1st period - Lucas Raymond is hit by Jake Bean and loses puck.
8:22 of 1st period - Dylan Samberg is hit by Noah Hanifin.
8:32 of 1st period - Snap shot by Mikko Rantanen.
8:32 of 1st period - Stopped by Spencer Knight without a rebound.
8:33 of 1st period - Sam Steel wins face-off versus Robby Fabbri in Winnipeg Jets zone.
8:43 of 1st period - Icing by Pius Suter.
8:44 of 1st period - Sam Steel wins face-off versus Robby Fabbri in Winnipeg Jets zone.
9:46 of 1st period - Icing by Noah Cates.
9:47 of 1st period - Connor McDavid wins face-off versus Robby Fabbri in Vancouver Canucks zone.
9:48 of 1st period - Snap shot by Alex DeBrincat.
9:48 of 1st period - Shot Misses the Net.
9:50 of 1st period - Slapshot by Connor McDavid.
9:50 of 1st period - Shot Misses the Net.
9:52 of 1st period - Snap shot by Dylan Samberg.
9:52 of 1st period - Shot Blocked by Olli Maatta.
9:54 of 1st period - Slapshot by Calen Addison.
9:54 of 1st period - Shot Misses the Net.
10:45 of 1st period - Pius Suter is hit by Artturi Lehkonen and loses puck.
10:58 of 1st period - Noah Hanifin is hit by Alex DeBrincat and loses puck.
11:29 of 1st period - Dylan Samberg is hit by Jesperi Kotkaniemi and loses puck.
12:26 of 1st period - Wrist shot by Robby Fabbri.
12:26 of 1st period - Goal by Robby Fabbri - Vancouver Canucks : 1 - Winnipeg Jets : 0.
12:27 of 1st period - Lucas Raymond wins face-off versus Robby Fabbri in neutral zone.
12:44 of 1st period - Off-side.
12:45 of 1st period - Jesperi Kotkaniemi wins face-off versus Nick Suzuki in neutral zone.
12:56 of 1st period - Snap shot by Taylor Raddysh.
12:56 of 1st period - Stopped by Spencer Knight with a rebound.
13:00 of 1st period - Wrist shot by Jesperi Kotkaniemi.
13:00 of 1st period - Shot Misses the Net.
13:10 of 1st period - Miro Heiskanen is hit by Mark Borowiecki and loses puck.
13:51 of 1st period - Matthew Beniers is hit by Aleksander Barkov and loses puck.
14:32 of 1st period - Robby Fabbri is hit by Ty Smith and loses puck.
14:41 of 1st period - Snap shot by Alex DeBrincat.
14:41 of 1st period - Shot Blocked by Robby Fabbri.
15:24 of 1st period - Snap shot by Clayton Keller.
15:24 of 1st period - Stopped by Spencer Knight with a rebound.
16:55 of 1st period - Olli Maatta is hit by Andrew Cogliano.
17:03 of 1st period - Wrist shot by Yegor Sharangovich.
17:03 of 1st period - Stopped by Joonas Korpisalo without a rebound.
17:04 of 1st period - Robby Fabbri wins face-off versus Kaapo Kakko in Vancouver Canucks zone.
17:11 of 1st period - Snap shot by Kasperi Kapanen.
17:11 of 1st period - Stopped by Spencer Knight with a rebound.
17:13 of 1st period - Wrist shot by Kasperi Kapanen.
17:13 of 1st period - Stopped by Spencer Knight with a rebound.
17:34 of 1st period - Snap shot by Taylor Raddysh.
17:34 of 1st period - Shot Misses the Net.
18:00 of 1st period - Slapshot by Matthew Beniers.
18:00 of 1st period - Stopped by Joonas Korpisalo without a rebound.
18:01 of 1st period - Connor McDavid wins face-off versus Robby Fabbri in Vancouver Canucks zone.
18:14 of 1st period - Snap shot by Lucas Raymond.
18:14 of 1st period - Stopped by Joonas Korpisalo with a rebound.
18:26 of 1st period - Kaapo Kakko is hit by Jesperi Kotkaniemi and loses puck.
18:37 of 1st period - Wrist shot by Taylor Raddysh.
18:37 of 1st period - Stopped by Spencer Knight without a rebound.
18:38 of 1st period - Sam Steel wins face-off versus Robby Fabbri in Winnipeg Jets zone.
19:09 of 1st period - Snap shot by Mikko Rantanen.
19:09 of 1st period - Stopped by Spencer Knight with a rebound.
19:11 of 1st period - Slapshot by Olli Maatta.
19:11 of 1st period - Shot Misses the Net.
19:13 of 1st period - Slapshot by Olli Maatta.
19:13 of 1st period - Shot Misses the Net.
19:15 of 1st period - Snap shot by Aleksander Barkov.
19:15 of 1st period - Shot Blocked by Mark Borowiecki.
19:55 of 1st period - Snap shot by Kaapo Kakko.
19:55 of 1st period - Shot Misses the Net.
19:57 of 1st period - Wrist shot by Kaapo Kakko.
19:57 of 1st period - Stopped by Joonas Korpisalo with a rebound.
Goals for this period are 1 for Vancouver Canucks vs 0 for Winnipeg Jets.
Shots for this period are 11 for Vancouver Canucks vs 10 for Winnipeg Jets.
2nd period
0:01 of 2nd period - Barclay Goodrow wins face-off versus Robby Fabbri in neutral zone.
0:04 of 2nd period - Robby Fabbri is hit by Dylan Samberg.
0:50 of 2nd period - Snap shot by Jesperi Kotkaniemi.
0:50 of 2nd period - Shot Misses the Net.
0:55 of 2nd period - Off-side.
0:56 of 2nd period - Robby Fabbri wins face-off versus Nick Suzuki in neutral zone.
1:09 of 2nd period - Wrist shot by Kaapo Kakko.
1:09 of 2nd period - Stopped by Joonas Korpisalo without a rebound.
1:10 of 2nd period - Aleksander Barkov wins face-off versus Connor McDavid in Vancouver Canucks zone.
1:17 of 2nd period - Snap shot by Aleksander Barkov.
1:17 of 2nd period - Shot Misses the Net.
1:37 of 2nd period - Ty Smith is hit by Artturi Lehkonen and loses puck.
1:56 of 2nd period - Snap shot by Sam Steel.
1:56 of 2nd period - Shot Misses the Net.
2:02 of 2nd period - Dante Fabbro is hit by Olli Maatta and loses puck.
2:19 of 2nd period - Adam Boqvist is hit by Matthew Beniers and loses puck.
2:31 of 2nd period - Kaiden Guhle is hit by Miro Heiskanen and loses puck.
2:43 of 2nd period - Off-side.
2:44 of 2nd period - Connor McDavid wins face-off versus Aleksander Barkov in neutral zone.
2:59 of 2nd period - Snap shot by Alex DeBrincat.
2:59 of 2nd period - Shot Misses the Net.
3:05 of 2nd period - Snap shot by Clayton Keller.
3:05 of 2nd period - Stopped by Spencer Knight with a rebound.
3:17 of 2nd period - Backhand shot by Aleksander Barkov.
3:17 of 2nd period - Shot Blocked by Dylan Samberg.
3:49 of 2nd period - Minor Penalty to Mark Borowiecki for Roughing.
3:50 of 2nd period - Connor McDavid wins face-off versus Casey Mittelstadt in Winnipeg Jets zone.
4:14 of 2nd period - Jake Bean is hit by Kaiden Guhle and loses puck.
4:23 of 2nd period - Wrist shot by Artturi Lehkonen.
4:23 of 2nd period - Shot Misses the Net.
4:25 of 2nd period - Snap shot by Noah Hanifin.
4:25 of 2nd period - Stopped by Spencer Knight without a rebound.
4:26 of 2nd period - Jesperi Kotkaniemi wins face-off versus Alex DeBrincat in Winnipeg Jets zone.
4:33 of 2nd period - Backhand shot by Mikko Rantanen.
4:33 of 2nd period - Stopped by Spencer Knight with a rebound.
4:35 of 2nd period - Slapshot by Olli Maatta.
4:35 of 2nd period - Deflect By Alex DeBrincat.
4:35 of 2nd period - Stopped by Spencer Knight without a rebound.
4:36 of 2nd period - Jesperi Kotkaniemi wins face-off versus Alex DeBrincat in Winnipeg Jets zone.
4:49 of 2nd period - Snap shot by Clayton Keller.
4:49 of 2nd period - Deflect By Mikko Rantanen.
4:49 of 2nd period - Shot Blocked by Alex DeBrincat.
4:49 of 2nd period - Puck is out of play.
4:50 of 2nd period - Connor McDavid wins face-off versus Jesperi Kotkaniemi in Winnipeg Jets zone.
4:55 of 2nd period - Miro Heiskanen is hit by Connor McDavid and loses puck.
5:11 of 2nd period - Icing by Miro Heiskanen.
5:12 of 2nd period - Alex DeBrincat wins face-off versus Jesperi Kotkaniemi in Vancouver Canucks zone.
5:13 of 2nd period - Wrist shot by Lucas Raymond.
5:13 of 2nd period - Stopped by Joonas Korpisalo without a rebound.
5:14 of 2nd period - Alex DeBrincat wins face-off versus Jesperi Kotkaniemi in Vancouver Canucks zone.
5:17 of 2nd period - Wrist shot by Lucas Raymond.
5:17 of 2nd period - Goal by Lucas Raymond - Vancouver Canucks : 1 - Winnipeg Jets : 1.
5:18 of 2nd period - Jesperi Kotkaniemi wins face-off versus Connor McDavid in neutral zone.
5:21 of 2nd period - Snap shot by Mikko Rantanen.
5:21 of 2nd period - Shot Misses the Net.
5:49 of 2nd period - Penalty to Mark Borowiecki is over, Mark Borowiecki is back on ice.
6:20 of 2nd period - Slapshot by Clayton Keller.
6:20 of 2nd period - Goal by Clayton Keller - Vancouver Canucks : 2 - Winnipeg Jets : 1.
6:21 of 2nd period - Artturi Lehkonen wins face-off versus Matthew Beniers in neutral zone.
6:34 of 2nd period - Snap shot by Kasperi Kapanen.
6:34 of 2nd period - Shot Blocked by Matthew Beniers.
6:36 of 2nd period - Wrist shot by Kasperi Kapanen.
6:36 of 2nd period - Stopped by Spencer Knight without a rebound.
6:37 of 2nd period - Nick Suzuki wins face-off versus Noah Cates in Winnipeg Jets zone.
6:44 of 2nd period - Backhand shot by Nick Suzuki.
6:44 of 2nd period - Shot Misses the Net.
6:46 of 2nd period - Slapshot by Dylan Samberg.
6:46 of 2nd period - Stopped by Joonas Korpisalo with a rebound.
6:48 of 2nd period - Slapshot by Dylan Samberg.
6:48 of 2nd period - Shot Blocked by Anton Lundell.
6:50 of 2nd period - Wrist shot by Dylan Samberg.
6:50 of 2nd period - Shot Blocked by Noah Hanifin.
6:52 of 2nd period - Backhand shot by Nick Suzuki.
6:52 of 2nd period - Shot Misses the Net.
7:02 of 2nd period - Robby Fabbri is hit by Lucas Raymond and loses puck.
9:02 of 2nd period - Sam Steel is hit by Aleksander Barkov and loses puck.
10:54 of 2nd period - Slapshot by Casey Mittelstadt.
10:54 of 2nd period - Shot Misses the Net.
11:49 of 2nd period - Jake Bean is hit by Dante Fabbro and loses puck.
12:26 of 2nd period - Slapshot by Miro Heiskanen.
12:26 of 2nd period - Shot Blocked by Mark Borowiecki.
12:28 of 2nd period - Snap shot by Robby Fabbri.
12:28 of 2nd period - Shot Misses the Net.
12:30 of 2nd period - Snap shot by Artturi Lehkonen.
12:30 of 2nd period - Stopped by Spencer Knight with a rebound.
12:42 of 2nd period - Kaapo Kakko is hit by Mikko Rantanen.
12:48 of 2nd period - Mikko Rantanen is hit by Kaiden Guhle and loses puck.
14:08 of 2nd period - Nick Suzuki is hit by Jake Bean and loses puck.
14:25 of 2nd period - Olli Maatta is hit by Andrew Cogliano and loses puck.
14:40 of 2nd period - Noah Cates is hit by Mark Borowiecki and loses puck.
14:55 of 2nd period - Dante Fabbro is hit by Taylor Raddysh.
14:59 of 2nd period - Jacob Bryson is hit by Dante Fabbro and loses puck.
15:14 of 2nd period - Snap shot by Jesperi Kotkaniemi.
15:14 of 2nd period - Stopped by Spencer Knight without a rebound.
15:15 of 2nd period - Andrew Cogliano wins face-off versus Robby Fabbri in Winnipeg Jets zone.
15:23 of 2nd period - Minor Penalty to Robby Fabbri for Hooking.
15:24 of 2nd period - Connor McDavid wins face-off versus Sam Lafferty in Vancouver Canucks zone.
16:27 of 2nd period - Noah Cates is hit by Ty Smith.
17:09 of 2nd period - Alex DeBrincat is hit by Noah Cates and loses puck.
17:23 of 2nd period - Penalty to Robby Fabbri is over, Robby Fabbri is back on ice.
17:30 of 2nd period - Wrist shot by Matthew Beniers.
17:30 of 2nd period - Stopped by Joonas Korpisalo with a rebound.
17:32 of 2nd period - Snap shot by Andrew Cogliano.
17:32 of 2nd period - Shot Misses the Net.
17:34 of 2nd period - Wrist shot by Andrew Cogliano.
17:34 of 2nd period - Deflect By Noah Hanifin.
17:34 of 2nd period - Shot Misses the Net.
17:34 of 2nd period - Puck is out of play.
17:35 of 2nd period - Robby Fabbri wins face-off versus Matthew Beniers in Vancouver Canucks zone.
18:07 of 2nd period - Wrist shot by Mikko Rantanen.
18:07 of 2nd period - Shot Misses the Net.
18:09 of 2nd period - Slapshot by Adam Boqvist.
18:09 of 2nd period - Stopped by Spencer Knight with a rebound.
18:11 of 2nd period - Backhand shot by Mikko Rantanen.
18:11 of 2nd period - Shot Misses the Net.
18:13 of 2nd period - Snap shot by Aleksander Barkov.
18:13 of 2nd period - Stopped by Spencer Knight with a rebound.
18:15 of 2nd period - Slapshot by Adam Boqvist.
18:15 of 2nd period - Deflect By Mikko Rantanen.
18:15 of 2nd period - Stopped by Spencer Knight without a rebound.
18:16 of 2nd period - Jesperi Kotkaniemi wins face-off versus Nick Suzuki in Winnipeg Jets zone.
18:23 of 2nd period - Wrist shot by Jesperi Kotkaniemi.
18:23 of 2nd period - Stopped by Spencer Knight without a rebound.
18:24 of 2nd period - Jesperi Kotkaniemi wins face-off versus Nick Suzuki in Winnipeg Jets zone.
19:11 of 2nd period - Snap shot by Yegor Sharangovich.
19:11 of 2nd period - Shot Misses the Net.
19:35 of 2nd period - Wrist shot by Noah Cates.
19:35 of 2nd period - Shot Misses the Net.
19:37 of 2nd period - Snap shot by Noah Cates.
19:37 of 2nd period - Shot Misses the Net.
Goals for this period are 1 for Vancouver Canucks vs 1 for Winnipeg Jets.
Shots for this period are 12 for Vancouver Canucks vs 5 for Winnipeg Jets.
3rd period
0:01 of 3rd period - Aleksander Barkov wins face-off versus Alex DeBrincat in neutral zone.
0:16 of 3rd period - Wrist shot by Lucas Raymond.
0:16 of 3rd period - Stopped by Joonas Korpisalo with a rebound.
0:36 of 3rd period - Snap shot by Nick Suzuki.
0:36 of 3rd period - Shot Blocked by Adam Boqvist.
0:38 of 3rd period - Slapshot by Dante Fabbro.
0:38 of 3rd period - Stopped by Joonas Korpisalo with a rebound.
0:52 of 3rd period - Slapshot by Miro Heiskanen.
0:52 of 3rd period - Shot Blocked by Matthew Beniers.
0:54 of 3rd period - Snap shot by Casey Mittelstadt.
0:54 of 3rd period - Stopped by Spencer Knight with a rebound.
1:29 of 3rd period - Off-side.
1:30 of 3rd period - Nick Suzuki wins face-off versus Aleksander Barkov in neutral zone.
1:35 of 3rd period - Snap shot by Kaapo Kakko.
1:35 of 3rd period - Shot Misses the Net.
1:47 of 3rd period - Slapshot by Aleksander Barkov.
1:47 of 3rd period - Deflect By Clayton Keller.
1:47 of 3rd period - Stopped by Spencer Knight with a rebound.
2:24 of 3rd period - Snap shot by Noah Cates.
2:24 of 3rd period - Stopped by Spencer Knight with a rebound.
2:53 of 3rd period - Noah Hanifin is hit by Dylan Samberg and loses puck.
3:12 of 3rd period - Wrist shot by Connor McDavid.
3:12 of 3rd period - Shot Blocked by Jake Bean.
3:42 of 3rd period - Snap shot by Lucas Raymond.
3:42 of 3rd period - Shot Blocked by Jake Bean.
3:56 of 3rd period - Wrist shot by Aleksander Barkov.
3:56 of 3rd period - Shot Misses the Net.
3:58 of 3rd period - Wrist shot by Clayton Keller.
3:58 of 3rd period - Shot Misses the Net.
4:00 of 3rd period - Slapshot by Jake Bean.
4:00 of 3rd period - Deflect By Mikko Rantanen.
4:00 of 3rd period - Stopped by Spencer Knight with a rebound.
4:02 of 3rd period - Slapshot by Jake Bean.
4:02 of 3rd period - Shot Blocked by Ty Smith.
4:04 of 3rd period - Slapshot by Noah Hanifin.
4:04 of 3rd period - Stopped by Spencer Knight without a rebound.
4:05 of 3rd period - Robby Fabbri wins face-off versus Nick Suzuki in Winnipeg Jets zone.
4:06 of 3rd period - Slapshot by Artturi Lehkonen.
4:06 of 3rd period - Shot Blocked by Kaapo Kakko.
4:08 of 3rd period - Slapshot by Adam Boqvist.
4:08 of 3rd period - Stopped by Spencer Knight with a rebound.
4:12 of 3rd period - Wrist shot by Robby Fabbri.
4:12 of 3rd period - Stopped by Spencer Knight without a rebound.
4:13 of 3rd period - Nick Suzuki wins face-off versus Robby Fabbri in Winnipeg Jets zone.
4:34 of 3rd period - Wrist shot by Nick Suzuki.
4:34 of 3rd period - Stopped by Joonas Korpisalo without a rebound.
4:35 of 3rd period - Jesperi Kotkaniemi wins face-off versus Matthew Beniers in Vancouver Canucks zone.
4:35 of 3rd period - Jesperi Kotkaniemi is hit by Matthew Beniers.
4:45 of 3rd period - Snap shot by Jesperi Kotkaniemi.
4:45 of 3rd period - Stopped by Spencer Knight with a rebound.
4:47 of 3rd period - Snap shot by Jesperi Kotkaniemi.
4:47 of 3rd period - Shot Misses the Net.
4:49 of 3rd period - Wrist shot by Taylor Raddysh.
4:49 of 3rd period - Shot Blocked by Calen Addison.
4:51 of 3rd period - Wrist shot by Taylor Raddysh.
4:51 of 3rd period - Shot Blocked by Calen Addison.
4:57 of 3rd period - Minor Penalty to Andrew Cogliano for Interference.
4:58 of 3rd period - Jesperi Kotkaniemi wins face-off versus Alex DeBrincat in Winnipeg Jets zone.
5:09 of 3rd period - Wrist shot by Mikko Rantanen.
5:09 of 3rd period - Shot Misses the Net.
5:11 of 3rd period - Snap shot by Jesperi Kotkaniemi.
5:11 of 3rd period - Shot Blocked by Dylan Samberg.
5:13 of 3rd period - Snap shot by Jake Bean.
5:13 of 3rd period - Stopped by Spencer Knight with a rebound.
5:58 of 3rd period - Wrist shot by Mikko Rantanen.
5:58 of 3rd period - Stopped by Spencer Knight without a rebound.
5:59 of 3rd period - Mikko Rantanen wins face-off versus Connor McDavid in Winnipeg Jets zone.
6:38 of 3rd period - Wrist shot by Mikko Rantanen.
6:38 of 3rd period - Shot Blocked by Dylan Samberg.
6:40 of 3rd period - Snap shot by Clayton Keller.
6:40 of 3rd period - Stopped by Spencer Knight without a rebound.
6:41 of 3rd period - Casey Mittelstadt wins face-off versus Alex DeBrincat in Winnipeg Jets zone.
6:44 of 3rd period - Wrist shot by Anton Lundell.
6:44 of 3rd period - Stopped by Spencer Knight with a rebound.
6:52 of 3rd period - Wrist shot by Anton Lundell.
6:52 of 3rd period - Shot Misses the Net.
6:57 of 3rd period - Penalty to Andrew Cogliano is over, Andrew Cogliano is back on ice.
7:44 of 3rd period - Off-side.
7:45 of 3rd period - Nick Suzuki wins face-off versus Jesperi Kotkaniemi in neutral zone.
7:48 of 3rd period - Snap shot by Kaapo Kakko.
7:48 of 3rd period - Stopped by Joonas Korpisalo without a rebound.
7:49 of 3rd period - Nick Suzuki wins face-off versus Jesperi Kotkaniemi in Vancouver Canucks zone.
7:54 of 3rd period - Wrist shot by Kaapo Kakko.
7:54 of 3rd period - Shot Misses the Net.
8:36 of 3rd period - Miro Heiskanen is hit by Alex DeBrincat and loses puck.
9:01 of 3rd period - Slapshot by Dante Fabbro.
9:01 of 3rd period - Shot Misses the Net.
9:03 of 3rd period - Slapshot by Dante Fabbro.
9:03 of 3rd period - Deflect By Anton Lundell.
9:03 of 3rd period - Stopped by Joonas Korpisalo with a rebound.
9:05 of 3rd period - Slapshot by Kaiden Guhle.
9:05 of 3rd period - Deflect By Sam Steel.
9:05 of 3rd period - Shot Misses the Net.
9:05 of 3rd period - Puck is out of play.
9:06 of 3rd period - Barclay Goodrow wins face-off versus Aleksander Barkov in Vancouver Canucks zone.
9:09 of 3rd period - Snap shot by Nick Suzuki.
9:09 of 3rd period - Deflect By Mikko Rantanen.
9:09 of 3rd period - Shot Misses the Net.
9:09 of 3rd period - Puck is out of play.
9:10 of 3rd period - Aleksander Barkov wins face-off versus Barclay Goodrow in Vancouver Canucks zone.
9:45 of 3rd period - Wrist shot by Connor McDavid.
9:45 of 3rd period - Shot Misses the Net.
10:41 of 3rd period - Adam Boqvist is hit by Kaiden Guhle and loses puck.
11:34 of 3rd period - Minor Penalty to Mark Borowiecki for Hooking.
11:35 of 3rd period - Connor McDavid wins face-off versus Casey Mittelstadt in Winnipeg Jets zone.
13:02 of 3rd period - Noah Hanifin is hit by Kaiden Guhle and loses puck.
13:34 of 3rd period - Penalty to Mark Borowiecki is over, Mark Borowiecki is back on ice.
13:35 of 3rd period - Artturi Lehkonen is hit by Mark Borowiecki and loses puck.
13:46 of 3rd period - Wrist shot by Nick Suzuki.
13:46 of 3rd period - Deflect By Connor McDavid.
13:46 of 3rd period - Shot Blocked by Casey Mittelstadt.
13:46 of 3rd period - Puck is out of play.
13:47 of 3rd period - Aleksander Barkov wins face-off versus Matthew Beniers in Vancouver Canucks zone.
14:18 of 3rd period - Kaiden Guhle is hit by Anton Lundell and loses puck.
15:33 of 3rd period - Off-side.
15:34 of 3rd period - Robby Fabbri wins face-off versus Connor McDavid in neutral zone.
15:45 of 3rd period - Slapshot by Mikko Rantanen.
15:45 of 3rd period - Stopped by Spencer Knight with a rebound.
15:47 of 3rd period - Slapshot by Jacob Bryson.
15:47 of 3rd period - Shot Misses the Net.
16:29 of 3rd period - Off-side.
16:30 of 3rd period - Matthew Beniers wins face-off versus Aleksander Barkov in neutral zone.
16:43 of 3rd period - Wrist shot by Yegor Sharangovich.
16:43 of 3rd period - Shot Misses the Net.
16:45 of 3rd period - Minor Penalty to Mikko Rantanen for Kneeing.
16:46 of 3rd period - Connor McDavid wins face-off versus Sam Lafferty in Vancouver Canucks zone.
16:47 of 3rd period - Slapshot by Alex DeBrincat.
16:47 of 3rd period - Shot Blocked by Olli Maatta.
16:49 of 3rd period - Snap shot by Alex DeBrincat.
16:49 of 3rd period - Stopped by Joonas Korpisalo without a rebound.
16:50 of 3rd period - Sam Lafferty wins face-off versus Connor McDavid in Vancouver Canucks zone.
16:50 of 3rd period - Sam Lafferty is hit by Connor McDavid.
17:22 of 3rd period - Wrist shot by Nick Suzuki.
17:22 of 3rd period - Stopped by Joonas Korpisalo without a rebound.
17:23 of 3rd period - Sam Lafferty wins face-off versus Nick Suzuki in Vancouver Canucks zone.
17:46 of 3rd period - Sam Lafferty is hit by Lucas Raymond and loses puck.
18:45 of 3rd period - Penalty to Mikko Rantanen is over, Mikko Rantanen is back on ice.
18:48 of 3rd period - Slapshot by Miro Heiskanen.
18:48 of 3rd period - Stopped by Spencer Knight with a rebound.
18:50 of 3rd period - Wrist shot by Anton Lundell.
18:50 of 3rd period - Stopped by Spencer Knight without a rebound.
18:51 of 3rd period - Barry Trotz call a timeout for Winnipeg Jets.
18:51 of 3rd period - Connor McDavid wins face-off versus Sam Lafferty in Winnipeg Jets zone.
19:33 of 3rd period - Minor Penalty to Lucas Raymond for Tripping.
19:34 of 3rd period - Connor McDavid wins face-off versus Jesperi Kotkaniemi in Winnipeg Jets zone.
19:56 of 3rd period - Dylan Samberg is hit by Clayton Keller and loses puck.
Goals for this period are 0 for Vancouver Canucks vs 0 for Winnipeg Jets.
Shots for this period are 15 for Vancouver Canucks vs 7 for Winnipeg Jets.
Back to the Top